 Dungeon Crawl Stone Soup version 0.31-a0-845-g9abc20d24f (webtiles) character file.

Game seed: 14411234473733707350

324 Aneyh the Trooper (level 6, -2/63 HPs)
             Began as a Tengu Monk on Oct 2, 2023.
             Slain by a killer bee (6 damage)
             ... on level 4 of the Dungeon.
             The game lasted 00:06:10 (3553 turns).

Aneyh the Trooper (Tengu Monk)                      Turns: 3553, Time: 00:06:10

Health: -2/63      AC: 23    Str: 13 (14) XL:     6   Next: 48%
Magic:  7/7        EV:  2    Int:  8 (10) God:
Gold:   64         SH:  0    Dex: 14 (16) Spells: 5/5 levels left

rFire   . . .        a - +0 trident
rCold   . . .        (no shield)
rNeg    . . .        i - melded +0 robe
rPois   +            (helmet currently unavailable)
rElec   .            (cloak currently unavailable)
rCorr   .            o - melded +0 pair of gloves
SInv    .            (boots unavailable)
Will    .....        (no amulet)
Stlth   +            (no ring)
HPRegen 0.30/turn    (no ring)
MPRegen 0.10/turn

%: acrobat
@: brilliant, tree-form, invisible
A: stationary, stasis, torment immunity, boosted hp, (beak), (talons 3),
acrobatic
a: no special abilities


You were on level 4 of the Dungeon.
You were a tree.
You visited 1 branch of the dungeon, and saw 4 of its levels.

You collected 64 gold pieces.

Inventory:

Hand Weapons
 a - a +0 trident (weapon)
 b - a +1 short sword of draining
 c - a +0 dagger of freezing
 l - a +0 vampiric dagger
 m - a +2 dagger of venom
 w - a +0 spear
Missiles
 y - 5 boomerangs (quivered)
Armour
 d - an orb of light
 i - a +0 robe (melded)
 o - a +0 pair of gloves (melded)
 x - a +0 ring mail
Jewellery
 p - a ring of poison resistance
 s - a +4 ring of slaying
Scrolls
 e - 3 scrolls of identify
 g - a scroll of enchant armour {unknown}
 h - 2 scrolls of teleportation
 j - a scroll of poison
 n - a scroll of fear {unknown}
 v - a scroll of fog {unknown}
Potions
 f - 2 potions of lignification
 r - 2 potions of curing


   Skills:
 + Level 6.4 Fighting
 - Level 4.0 Polearms
 - Level 4.0 Dodging


You had 5 spell levels left.
You didn't know any spells.
Your spell library contained the following spells:

 Spells                   Type           Power      Damage    Failure   Level
 Freeze                   Ice            0%         1d3       41%         1
 Summon Small Mammal      Summ           0%         N/A       41%         1
 Lesser Beckoning         Tloc           0%         N/A       54%         2
 Call Canine Familiar     Summ           0%         N/A       78%         3
 Frozen Ramparts          Ice            0%         1d1       78%         3
 Gell's Gravitas          Tloc           0%         N/A       78%         3
 Hailstorm                Conj/Ice       0%         3d3       78%         3
 Inner Flame              Hex/Fire       0%         N/A       78%         3
 Summon Guardian Golem    Hex/Summ       0%         N/A       78%         3
 Teleport Other           Tloc           0%         N/A       78%         3
 Flame Wave               Conj/Fire      0%         2d4       99%         4
 Petrify                  Tmut/Erth      0%         N/A       99%         4
 Sticky Flame             Conj/Fire      0%         2d3       99%         4
 Metabolic Englaciation   Hex/Ice        0%         N/A       100%        5


Dungeon Overview and Level Annotations

Branches:
Dungeon (4/15)
 Temple: D:4-7

Altars:
Dithmenos
Elyvilon
Fedhas
Yredelemnul

Shops:
D:4 **


Innate Abilities, Weirdness & Mutations

You are a tree.
Your roots penetrate the ground, keeping you stationary.
You cannot be teleported.
You are immune to unholy pain and torment.
Your maximum health is greatly increased.
Your equipment is partially melded.
((You have a beak for a mouth.))
((You have claws for feet.))
You can magically evade attacks while moving or waiting.


Message History

The killer bee stings you but does no damage.
You catch the helpless killer bee completely off-guard!
You hit the killer bee.
The killer bee is heavily wounded.
You barely miss the killer bee.
The killer bee is severely wounded.
The killer bee stings you.
* * * LOW HITPOINT WARNING * * *
The killer bee stings you but does no damage.
You barely miss the killer bee.
The killer bee is severely wounded.
The killer bee stings you but does no damage. x3
You closely miss the killer bee.
The killer bee is severely wounded.
The killer bee stings you.
* * * LOW HITPOINT WARNING * * *
The killer bee stings you but does no damage.
You strike the helpless killer bee from behind!
You hit the killer bee but do no damage.
The killer bee is severely wounded.
The killer bee stings you but does no damage. x2
You miss the killer bee.
The killer bee is severely wounded.
The killer bee stings you but does no damage.
The killer bee stings you.
* * * LOW HITPOINT WARNING * * *
Unknown command.
It was a potion of brilliance.
You feel clever all of a sudden.
The killer bee stings you but does no damage.
The killer bee stings you.
* * * LOW HITPOINT WARNING * * *
You closely miss the killer bee.
The killer bee is severely wounded.
The killer bee stings you but does no damage. x2
As you read the scroll labelled UMYKOM VELYZI, it crumbles to dust.
It is a scroll of identify.
j - a scroll of poison The killer bee stings you.
You die...

.. #..####. y. #.##. #.
y# #.# #. #.# #.# #. #.#
#.##..####.
###y####.##.....†.
#yy...##.###.####.
#y###.##.###.# #.
########♣#.........(# #.
.........#.#.##.########.
########.....##..........
##########.##############
...........# ############


You could see 4 killer bees.

Vanquished Creatures
  Grinder (D:4)
  An orc priest (D:3)
  An adder (D:2)
  A worm (D:4)
  A dart slug (D:2)
  18 orcs
  6 endoplasms
  2 giant cockroaches (D:2)
  7 goblins
  6 hobgoblins
  3 quokkas
  4 ball pythons
  9 bats
  5 frilled lizards
  9 kobolds
  3 rats
77 creatures vanquished.

Notes
Turn   | Place    | Note
-------+----------+-------------------------------------------
     0 | D:1      | Aneyh the Tengu Monk began the quest for the Orb.
     0 | D:1      | Reached XP level 1. HP: 14/14 MP: 2/2
   215 | D:1      | Reached XP level 2. HP: 19/19 MP: 3/3
   776 | D:2      | Reached XP level 3. HP: 23/23 MP: 4/4
  1814 | D:3      | Found a shadowy altar of Dithmenos.
  1951 | D:3      | Found a basalt altar of Yredelemnul.
  2021 | D:3      | Reached XP level 4. HP: 27/27 MP: 5/5
  2051 | D:3      | Reached skill level 4 in Fighting
  2160 | D:3      | Found a white marble altar of Elyvilon.
  2244 | D:3      | Found a blossoming altar of Fedhas.
  2324 | D:3      | Identified the +4 ring mail "Iclaots" {rF- MP-9 Slay+5
                  | Stlth+}
  2972 | D:3      | Reached XP level 5. HP: 29/34 MP: 6/6
  3077 | D:4      | Found Qedupyna's General Store.
  3079 | D:4      | Found Doac's Specific Store.
  3102 | D:4      | Noticed Grinder
  3302 | D:4      | Killed Grinder
  3303 | D:4      | Reached skill level 6 in Fighting
  3303 | D:4      | Reached XP level 6. HP: 4/42 MP: 7/7
  3553 | D:4      | Slain by a killer bee

Illustrated notes

Levels and vault maps discovered:
D:1:      wander_arrival_fairy_ring, layout_basic, kennysheep_doodads
D:2:      layout_basic, nicolae_figureground_pulse
D:3:      layout_basic, fedhas_altar_1, grunt_dithmenos_smoke,
          kennysheep_ying_yang, st_stairs_6, grunt_ministairs_4
D:4:      due_chaos_kobolds, layout_loops_ring, nicolae_specific_store,
          uniq_grinder, uniq_menkaure, uniq_sigmund

Skill      XL: |  1  2  3  4  5 |
---------------+----------------+-----
Polearms       | 4 |  4.0
Dodging        | 4 |  4.0
Fighting       | 4 6 |  6.4

Action                     |  1- 3 |  4- 6 || total
---------------------------+-------+-------++-------
  Melee: Spear             |   110 |     8 ||   118
         Kick              |    20 |    21 ||    41
         Peck              |    14 |    17 ||    31
         Dagger            |    11 |       ||    11
         Punch             |     1 |     1 ||     2
         Short sword       |       |    58 ||    58
         Trident           |       |    53 ||    53
  Throw: Boomerang         |       |     2 ||     2
    Use: Potion            |     1 |     6 ||     7
         Scroll            |       |     2 ||     2
   Stab: Sleeping          |     8 |       ||     8
         Invisible         |       |     4 ||     4
 Armour: Robe              |    21 |    56 ||    77
         Skin              |       |    27 ||    27
  Dodge: Dodged            |    63 |    66 ||   129

Table legend: (Time is in decaauts)
 A = Elapsed time spent in this place.
 B = Non-inter-level travel time spent in this place.
 C = Inter-level travel time spent in this place.
 D = Time resting spent in this place.
 E = Time spent auto-exploring this place.
 F = Levels seen in this place.
 G = Mean time per level.
                   A        B        C        D        E       F      G
               +--------+--------+--------+--------+--------+-----+--------+
         Total |   3548 |   3478 |     70 |    645 |   2215 |   4 |  887.0 |
       Dungeon |   3548 |   3478 |     70 |    645 |   2215 |   4 |  887.0 |
               +--------+--------+--------+--------+--------+-----+--------+

Top non-repeatable levels by time:
     D:3: 1220 daAuts
     D:2: 1208 daAuts
     D:1: 695 daAuts
     D:4: 424 daAuts
